 Dungeon Crawl Stone Soup version 0.31-a0-963-ga325b2283a (webtiles) character file.

Game seed: 8684307379718501227

163 night the Changeling (level 5, -7/39 HPs)
             Began as a Merfolk Shapeshifter on Oct 25, 2023.
             Was a Follower of Okawaru.
             Mangled by an ogre
             ... wielding a +0 giant club
              (22 damage)
             ... on level 4 of the Dungeon.
             The game lasted 00:04:44 (2873 turns).

night the Changeling (Merfolk Shapeshifter)         Turns: 2873, Time: 00:04:46

Health: -7/39      AC: 19    Str: 17    XL:     5   Next: 44%
Magic:  5/5        EV:  1    Int:  9    God:    Okawaru [*.....]
Gold:   201        SH:  0    Dex: 13    Spells: 4/4 levels left

rFire   . .          .
                       - Unarmed
rCold   . . .        (no shield)
rNeg    . . .        r - +0 crystal plate armour
rPois   +            s - +2 hat
rElec   .            k - +0 cloak
rCorr   .            (no gloves)
SInv    .            j - +1 pair of boots
Will    .....        (no amulet) Stlth
                     i - ring of poison resistance
HPRegen 0.26/turn    (no ring)
MPRegen 0.09/turn

%: no passive effects
@: no status effects
A: (nimble swimmer 2), mertail
a: Renounce Religion, Heroism


You were on level 4 of the Dungeon.
You worshipped Okawaru.
Okawaru was aware of your devotion.
You visited 1 branch of the dungeon, and saw 4 of its levels.

You collected 201 gold pieces.

Inventory:

Missiles
 e - 23 stones
 l - 3 poisoned darts
 v - 4 silver javelins
 x - a boomerang
Armour
 a - a +0 animal skin
 j - a +1 pair of boots (worn)
 k - a +0 cloak (worn)
 r - a +0 crystal plate armour (worn)
 s - a +2 hat (worn)
Jewellery
 i - a ring of poison resistance (left hand)
 w - an amulet of guardian spirit
Talismans
 c - a beast talisman
 d - a flux talisman
Scrolls
 f - 2 scrolls of teleportation {unknown}
 g - a scroll of poison {unknown}
 h - 3 scrolls of enchant armour {unknown}
 m - a scroll of revelation {unknown}
 n - a scroll of fear {unknown}
 o - a scroll of butterflies {unknown}
 p - 2 scrolls of immolation {unknown}
 q - 2 scrolls of identify {unknown}
 t - a scroll of silence {unknown}
 y - a scroll of enchant weapon {unknown}
Potions
 b - a potion of lignification
 u - a potion of curing {unknown}


   Skills:
 + Level 2.6 Fighting
 + Level 0.5 Armour
 + Level 3.9 Dodging
 * Level 4.7 Unarmed Combat
 + Level 4.7 Shapeshifting


You had 4 spell levels left.
You didn't know any spells.
Your spell library contained the following spells:

 Spells                   Type           Power      Damage    Failure   Level
 Dazzling Flash           Conj/Hex       0%         N/A       100%        3
 Agony                    Necr           0%         N/A       100%        5
 Silence                  Hex/Air        0%         N/A       100%        5


Dungeon Overview and Level Annotations

Branches:
Dungeon (4/15)
 Temple: D:4-7

Altars:
Okawaru


Innate Abilities, Weirdness & Mutations

((You are very nimble when in or above water. (Stealth+, EV+, Speed+++)))
Your lower body shifts to a powerful aquatic tail in water.


Message History

The iguana bites you but does no damage.
You closely miss the iguana.
The iguana is moderately wounded.
The iguana bites you but does no damage.
You hit the iguana but do no damage.
The iguana is moderately wounded.
The iguana bites you but does no damage.
You hit the iguana.
The iguana is heavily wounded.
The iguana bites you but does no damage.
You hit the iguana but do no damage. Your punch misses the iguana.
The iguana is heavily wounded.
The iguana bites you.
You punch the iguana!
The iguana is almost dead.
The iguana bites you but does no damage.
You hit the iguana.
You kill the iguana!
Okawaru accepts your kill.
No target in view!
HP restored.
Found an escape hatch in the floor.
No target in view!
An ogre comes into view. It is wielding a +0 giant club.
You see here 5 gold pieces.
An ogre is nearby! 2 orcs come into view.
The orc shouts! x2; You hear a shout!
The ogre hits you with a +0 giant club!
You barely miss the ogre.
An orc comes into view. It is wielding a +0 flail.
You hit the ogre.
The ogre is moderately wounded.
The ogre hits you with a +0 giant club!
You are too injured to fight recklessly!
You hit the ogre.
The ogre is heavily wounded.
The ogre hits you with a +0 giant club!!
Ouch! That really hurt!
You die...

######### ........# .o.....O#
...o...@##########
...o....$.........
......$.>#...#####
.........#...################
.........#.#.............)...
.............################
........#..#.###
#######....#...##########
#..##.###..........#


You could see an ogre and 3 orcs.

Vanquished Creatures
  An iguana (D:4)
  3 gnolls (D:3)
  3 adders
  4 dart slugs
  6 orcs
  5 ball pythons
  4 bats
  6 endoplasms
  5 giant cockroaches
  2 goblins
  7 hobgoblins
  4 jackals (D:3)
  3 kobolds
  4 quokkas
  4 rats
61 creatures vanquished.

Notes
Turn   | Place    | Note
-------+----------+-------------------------------------------
     0 | D:1      | night the Merfolk Shapeshifter began the quest for the Orb.
     0 | D:1      | Reached XP level 1. HP: 15/15 MP: 1/1
    94 | D:1      | Reached XP level 2. HP: 10/21 MP: 2/2
   440 | D:1      | Reached XP level 3. HP: 20/26 MP: 3/3
  1095 | D:2      | Reached skill level 2 in Fighting
  1101 | D:2      | You fall into a shaft and drop 1 floor!
  1178 | D:2      | Reached XP level 4. HP: 33/33 MP: 4/4
  1782 | D:3      | Found a faded altar of an unknown god.
  1790 | D:3      | Prayed at the altar of an unknown god.
  1790 | D:3      | Became a worshipper of Warmaster Okawaru
  1790 | D:3      | Reached * piety under Okawaru
  2202 | D:3      | Reached XP level 5. HP: 34/39 MP: 5/5
  2869 | D:4      | Noticed an ogre
  2873 | D:4      | Mangled by an ogre

Illustrated notes

Levels and vault maps discovered:
D:1:      dpeg_arrival_rooms_b, layout_rooms
D:2:      minmay_door_path, layout_basic, minivault_24
D:3:      layout_basic, serial_glass, glass_columns_a, glass_columns_a,
          basic_ecumenical_altar
D:4:      cheibrodos_fertilizer, layout_basic, nicolae_ashenzari_panopticon,
          minmay_temple_entry_offerings, uniq_sigmund

Skill      XL: |  1  2  3 |
---------------+----------+-----
Dodging        | 3 |  3.9
Unarmed Combat | 4 |  4.7
Fighting       | 2 |  2.6
Armour         | |  0.5
Shapeshifting  | |  4.7

Action                     |  1- 3 |  4- 6 || total
---------------------------+-------+-------++-------
  Melee: Unarmed           |    95 |   121 ||   216
         Punch             |     3 |     2 ||     5
Ability: Begin Untransform |     1 |       ||     1
   Stab: Sleeping          |     4 |       ||     4
 Armour: Animal skin       |    44 |       ||    44
         Crystal plate arm |       |   119 ||   119
  Dodge: Dodged            |    41 |     4 ||    45

Table legend: (Time is in decaauts)
 A = Elapsed time spent in this place.
 B = Non-inter-level travel time spent in this place.
 C = Inter-level travel time spent in this place.
 D = Time resting spent in this place.
 E = Time spent auto-exploring this place.
 F = Levels seen in this place.
 G = Mean time per level.
                   A        B        C        D        E       F      G
               +--------+--------+--------+--------+--------+-----+--------+
         Total |   2855 |   2784 |     71 |      0 |   2231 |   4 |  713.8 |
       Dungeon |   2855 |   2784 |     71 |      0 |   2231 |   4 |  713.8 |
               +--------+--------+--------+--------+--------+-----+--------+

Top non-repeatable levels by time:
     D:2: 1001 daAuts
     D:3: 1000 daAuts
     D:1: 741 daAuts
     D:4: 112 daAuts
